 Dungeon Crawl Stone Soup version 0.17-a0-1838-g891d947 (webtiles) character file.

41 splatsma the Ducker (level 3, -2/28 HPs)
             Began as a Merfolk Warper on Sept 15, 2015.
             Slain by Sigmund
             ... wielding a +0 scythe
              (5 damage)
             ... on level 2 of the Dungeon.
             The game lasted 00:08:10 (861 turns).

splatsma the Ducker (Merfolk Warper)                 Turns: 861, Time: 00:08:12

Health: -2/28      AC: 12    Str: 12    XL:     3   Next: 52%
Magic:  6/6        EV:  3    Int: 12    God:
Gold:   79         SH:  0    Dex: 13    Spells: 1 memorised, 5 levels left

rFire  x . .     SeeInvis .     a - +0 mace
rCold  + . .     Clarity  .     d - +2 plate armour
rNeg   . . .     SustAt   .     (no shield)
rPois  .         Gourm    .     (no helmet)
rElec  .         Spirit   .     (no cloak)
rCorr  .         Warding  .     (no gloves)
rMut   .         Stasis   .     (no boots)
MR     .....                    (no amulet)
Stlth  ..........               (no ring)
                                g - ring of ice

@: not resistant to hostile enchantments, extremely unstealthy
A: change form in water, swift swim
a: no special abilities


You were on level 2 of the Dungeon.
You were full.

You visited 1 branch of the dungeon, and saw 2 of its levels.

You collected 79 gold pieces.

Inventory:

Hand weapons
 a - a +0 mace (weapon)
Armour
 b - a +1 leather armour
 d - a +2 plate armour (worn)
Jewellery
 g - a ring of ice (left hand)
Books
 c - a book of Spatial Translocations

   Spells                             Type                      Level
   a - Apportation                    Translocation                1
   b - Blink                          Translocation                2
   c - Shroud of Golubria             Charms/Translocation         2
   d - Portal Projectile              Translocation                3
   e - Teleport Other                 Translocation                3
   f - Passage of Golubria            Translocation                4
 h - a book of Party Tricks

   Spells                             Type                      Level
   a - Summon Butterflies             Summoning                    1
   b - Apportation                    Translocation                1
   c - Tukima's Dance                 Hexes                        3
   d - Alistair's Intoxication        Transmutation/Poison         4
   e - Invisibility                   Hexes                        6
Comestibles
 f - a bread ration


   Skills:
 + Level 2.5 Fighting
 + Level 1.6 Maces & Flails
 + Level 1.4 Throwing
 + Level 1.0 Armour
 + Level 3.3 Dodging
 + Level 2.1 Spellcasting
 + Level 2.7 Translocations


You had 5 spell levels left.
You knew the following spells:

 Your Spells              Type           Power        Failure   Level  Hunger
a - Apportation           Tloc           #.........   100%        1    ##.....


Dungeon Overview and Level Annotations

Branches:
Dungeon (2/15)

Altars:

Annotations:
D:2 Sigmund


Message History

The giant newt bites you but does no damage.
You hit the hobgoblin.
The hobgoblin is severely wounded.
The bat hits you but does no damage. The giant newt bites you.
* * * LOW HITPOINT WARNING * * *
The hobgoblin hits you but does no damage.
Something hits you but does no damage.
You barely miss the hobgoblin.
The hobgoblin is severely wounded.
The bat hits you but does no damage.
The giant newt bites you but does no damage.
The hobgoblin hits you but does no damage.
Something hits you but does no damage.
You thump the hobgoblin!
You kill the hobgoblin!
Your Armour skill increases to level 1!
The bat hits you but does no damage. The giant newt barely misses you.
The bat hits you but does no damage. The giant newt barely misses you.
Something hits you.
You die...

......>.. #...# #.###.........#
........ #...###.#............
....... #...##......#........
##....#####..# #....###........
.............###...####........
...............................
#..<..................<.......
#......††?....l.......#.......
............$..)@....).##.....#
##..............b......# ######
...........###....######
.#####...<## #....... . ......#
#......... ...#...##...........
.................... ..#
##....$......


You could see a bat and a giant newt.

Vanquished Creatures
  An adder (D:2)
  2 giant cockroaches (D:1)
  6 hobgoblins
  4 jackals (D:1)
  3 bats (D:1)
  A giant newt (D:2)
  5 goblins (D:1)
  5 kobolds (D:1)
  3 rats (D:1)
30 creatures vanquished.

Vanquished Creatures (others)
  A rat (D:1)
1 creature vanquished.

Grand Total: 31 creatures vanquished

Notes
Turn   | Place    | Note
--------------------------------------------------------------
     0 | D:1      | splatsma the Merfolk Warper began the quest for the Orb.
     0 | D:1      | Reached XP level 1. HP: 16/16 MP: 3/3
   156 | D:1      | Reached XP level 2. HP: 9/22 MP: 3/5
   274 | D:1      | Reached skill level 3 in Dodging
   526 | D:1      | Reached XP level 3. HP: 28/28 MP: 6/6
   835 | D:2      | Noticed Sigmund
   861 | D:2      | Reached skill level 1 in Armour
   861 | D:2      | Slain by Sigmund

Vault maps used:
D:1:      saegor_arrival_miasma
D:2:      uniq_sigmund

Action                   || total
-------------------------++-------
Melee: Mace              ||   100
Throw: Tomahawk          ||     5
 Cast: Apportation       ||     5
  Use: Potion            ||     4
       Scroll            ||     6
  Eat: Bread ration      ||     1
